 Dungeon Crawl Stone Soup version 0.31-a0-175-g9f7f995f2b (webtiles) character file.

Game seed: 3254612424550179714

5 Moral the Slasher (level 1, 0/14 (17) HPs)
             Began as a Barachi Reaver on June 17, 2023.
             Slain by a goblin
             ... wielding a +0 dagger
              (2 damage)
             ... on level 1 of the Dungeon.
             The game lasted 00:00:33 (59 turns).

Moral the Slasher (Barachi Reaver)                    Turns: 59, Time: 00:00:34

HP:   0/14 (17)     AC:  3    Str: 13    XL:     1   Next: 80%
MP:   2/3           EV: 11    Int: 13    God:
Gold: 0             SH:  0    Dex: 10    Spells: 3/4 levels left

rFire   . . .        a - +0 falchion
rCold   . . .        (no shield)
rNeg    . . .        b - +0 leather armour
rPois   .            (no helmet)
rElec   .            (no cloak)
rCorr   .            (no gloves)
SInv    .            (no boots)
Will    .....        (no amulet)
Stlth   +            (no ring)
HPRegen 0.22/turn    (no ring)
MPRegen 0.08/turn

%: no passive effects
@: heavily drained, slow
A: amphibious, slowness 1, strong legs 1, +LOS
a: Hop


You were on level 1 of the Dungeon.
You visited 1 branch of the dungeon, and saw 1 of its levels.

Inventory:

Hand Weapons
 a - a +0 falchion (weapon)
Armour
 b - a +0 leather armour (worn)


   Skills:
 + Level 2.5 Fighting
 + Level 3.7 Long Blades
 + Level 2.3 Dodging
 + Level 2.3 Spellcasting
 + Level 3.3 Conjurations


You had 3 spell levels left.
You knew the following spells:

 Your Spells              Type           Power      Damage    Failure   Level
a - Kiss of Death         Conj/Necr      20%        2d7       16%         1

Your spell library contained the following spells:

 Spells                   Type           Power      Damage    Failure   Level
 Momentum Strike          Conj/Tloc      10%        3d8       24%         2
 Hailstorm                Conj/Ice       5%         3d4       43%         3


Dungeon Overview and Level Annotations

Branches:
Dungeon (1/15)

Altars:


Innate Abilities, Weirdness & Mutations

You are amphibious.
You cover ground slowly.
You can hop short distances.
You have an extended range of vision and can be seen from far away.


Message History

You hit the rat.
You kill the rat!
The rat bites you. The rat bites you.
* * * LOW HITPOINT WARNING * * *
The rat barely misses you.
You closely miss the rat. The rat bites you.
* * * LOW HITPOINT WARNING * * *
You hit the rat but do no damage. The rat bites you.
* * * LOW HITPOINT WARNING * * *
You barely miss the rat.
A goblin comes into view. It is wielding a +0 dagger.
The rat misses you.
You barely miss the rat. The rat bites you but does no damage.
You slash the rat!
You kill the rat!
The goblin barely misses you. The goblin hits you with a +0 dagger.
* * * LOW HITPOINT WARNING * * *
The goblin barely misses you.
You see here 13 gold pieces.
You closely miss the goblin.
The goblin hits you but does no damage. x2
You closely miss the goblin. The goblin hits you but does no damage.
You closely miss the goblin. The goblin barely misses you.
You barely miss the goblin. The goblin hits you but does no damage.
You hit the goblin.
The goblin is moderately wounded.
The goblin hits you with a +0 dagger.
* * * LOW HITPOINT WARNING * * *
You closely miss the goblin.
The goblin is moderately wounded.
The goblin hits you with a +0 dagger.
* * * LOW HITPOINT WARNING * * *
You barely miss the goblin.
The goblin is moderately wounded.
The goblin hits you but does no damage.
You barely miss the goblin.
The goblin is moderately wounded.
The goblin hits you with a +0 dagger.
You die...

.#### #.# .# ....##
#.# .# .....# #.#
..# .....####
#.##.# .....'..####
#.... ..(..##....#
#..# # .....#####.#
#).##.# .....# #.#
#).g..# ###.##
#.####.@.#.# #.#
##....#...# # ###'#
#......>..#
....#####.....###.#
....#...#.....# .#
.⌠..'.<.#.....# .#
....#...#.....# .#
....#####.....# .#
#+### #.....# .#


You could see a goblin.

Vanquished Creatures
  A goblin (D:1)
  2 kobolds (D:1)
  2 rats (D:1)
5 creatures vanquished.

Notes
Turn   | Place    | Note
-------+----------+-------------------------------------------
     0 | D:1      | Moral the Barachi Reaver began the quest for the Orb.
     0 | D:1      | Reached XP level 1. HP: 17/17 MP: 3/3
    59 | D:1      | Slain by a goblin

Illustrated notes

Levels and vault maps discovered:
D:1:      minmay_arrival_stair_chambers, layout_basic, st_stairs_6

Action                     || total
---------------------------++-------
  Melee: Falchion          ||    19
   Cast: Kiss of Death     ||     2
 Armour: Leather armour    ||     8
  Dodge: Dodged            ||     8

Table legend: (Time is in decaauts)
 A = Elapsed time spent in this place.
 B = Non-inter-level travel time spent in this place.
 C = Inter-level travel time spent in this place.
 D = Time resting spent in this place.
 E = Time spent auto-exploring this place.
 F = Levels seen in this place.
 G = Mean time per level.
                   A        B        C        D        E       F      G
               +--------+--------+--------+--------+--------+-----+--------+
         Total |     67 |     67 |      0 |      0 |     29 |   1 |   67.0 |
       Dungeon |     67 |     67 |      0 |      0 |     29 |   1 |   67.0 |
               +--------+--------+--------+--------+--------+-----+--------+

Top non-repeatable levels by time:
     D:1: 67 daAuts
